 Dungeon Crawl Stone Soup version 0.30.0-29-ga12c61a403 (webtiles) character file.

Game seed: 13699093699605829476

656738 monsoonserge the Archmage (level 27, -22/210 HPs)
             Began as a Djinni Hedge Wizard on June 18, 2023.
             Was an Initiate of Gozag.
             Annihilated by Pienk the pandemonium lord (33 damage)
             ... on level 15 of a ziggurat on June 20, 2023.
             The game lasted 12:07:35 (112292 turns).

monsoonserge the Archmage (Djinni Hedge Wizard)   Turns: 112292, Time: 12:07:37

Health: -22/210    AC: 30    Str: 16    XL:     27
Gold:   11771      EV: 24    Int: 39    God:    Gozag SH: 11 Dex: 21

rFire   + + +        a - +6 demon whip of Boafy {freeze, rElec rC++ rCorr Stlth-}
rCold   + + .        e - +2 buckler {reflect}
rNeg    + + .        A - +7 chain mail of Vet Odew {Drain Str+7 Dex+3}
rPois   ∞            B - +2 hood of the Assassin {Detect Stab+ Stlth++}
rElec   +            I - +1 cloak of Zocu {rElec Int+6}
rCorr   +            O - +2 pair of gloves "Bogriwif" {Int+5}
SInv    +            (boots unavailable)
Will    +++++        k - amulet of the Four Winds {rN+ Will+++ Clar}
Stlth   +++          N - ring "Aracet" {rF+ rC+ EV+5 Dex+3}
HPRegen 0.55/turn    o - ring "Naene" {rF+ rN+ SInv}
MPRegen 0.00/turn

%: reflection, clarity, infuse magic (-23 HP)
@: mighty, flying, invisible
A: sickness immunity, fire resistance 2, cold vulnerability 1, float, innate
caster, HP casting, extra vitality 1
}: 4/15 runes: barnacled, slimy, silver, gossamer
a: Renounce Religion, Potion Petition, Call Merchant, Bribe Branch


You were on level 15 of a ziggurat.
You worshipped Gozag.
Gozag was extremely pleased with you.
You visited 14 branches of the dungeon, and saw 56 of its levels.
You visited the Abyss 1 time.
You visited 1 ziggurat, and saw 15 of its levels.
You also visited: Ossuary.

You collected 32033 gold pieces.
You spent 10439 gold pieces at shops.
You paid 9823 gold pieces to Gozag.

Inventory:

Hand Weapons
 a - the +6 demon whip of Boafy (weapon) {freeze, rElec rC++ rCorr Stlth-}
   (You acquired it on level 2 of the Depths)

   rC:        It greatly protects you from cold.
   rElec:     It insulates you from electricity.
   rCorr:     It protects you from acid and corrosion.
   Stlth:     It makes you less stealthy.
Missiles
 n - 6 curare-tipped darts
 p - 5 silver javelins
 s - 3 silver boomerangs (quivered)
 M - 9 throwing nets
 Q - 24 atropa-tipped darts
 U - 11 boomerangs of dispersal
Armour
 e - a +2 buckler of reflection (worn)
 w - the +3 crown of Dyrovepreva {rElec Int+2 SInv}
   (You found it on level 12 of a ziggurat)

   Int:       It affects your intelligence (+2).
   rElec:     It insulates you from electricity.
   SInv:      It lets you see invisible.
 A - the +7 chain mail of Vet Odew (worn) {Drain Str+7 Dex+3}
   (You found it on level 5 of the Pits of Slime)

   Str:       It affects your strength (+7).
   Dex:       It affects your dexterity (+3).
   Drain:     It drains your maximum health when unequipped.
 B - the +2 hood of the Assassin (worn) {Detect Stab+ Stlth++}
   (You found it on level 4 of the Vaults)

   Detect:    It allows the wearer to sense nearby creatures.
   Stab+:     It allows the wearer to make particularly effective stabbing
   attacks against helpless or unaware enemies with any weapon.
   Stlth:     It makes you much more stealthy.
 I - the +1 cloak of Zocu (worn) {rElec Int+6}
   (You found it on level 2 of the Shoals)

   Int:       It affects your intelligence (+6).
   rElec:     It insulates you from electricity.
 O - the +2 pair of gloves "Bogriwif" (worn) {Int+5}
   (You found it on level 2 of the Shoals)

   Int:       It affects your intelligence (+5).
 Y - a +0 tower shield
Jewellery
 k - the amulet of the Four Winds (around neck) {rN+ Will+++ Clar}
   (You found it on level 12 of a ziggurat)

   [amulet of nothing]

   rN:        It protects you from negative energy.
   Clar:      It protects you from confusion, rage, mesmerisation and fear.
   Will:      It greatly increases your willpower.
 o - the ring "Naene" (right hand) {rF+ rN+ SInv}
   (You acquired it on level 5 of the Lair of Beasts)

   [ring of see invisible]

   rF:        It protects you from fire.
   rN:        It protects you from negative energy.
   SInv:      It lets you see invisible.
 K - the amulet of False Pretenses {Reflect rN++ Will- Str+8 Int+3 SH+5}
   (You found it on level 6 of the Dungeon)

   [amulet of reflection]

   It reflects blocked missile attacks.
   Str:       It affects your strength (+8).
   Int:       It affects your intelligence (+3).
   rN:        It greatly protects you from negative energy.
   SH:        It affects your SH (+5).
   Will:      It decreases your willpower.
 N - the ring "Aracet" (left hand) {rF+ rC+ EV+5 Dex+3}
   (You bought it in a shop on level 4 of the Vaults)

   [ring of evasion]

   EV:        It affects your evasion (+5).
   Dex:       It affects your dexterity (+3).
   rF:        It protects you from fire.
   rC:        It protects you from cold.
Wands
 c - a wand of mindburst (53)
 t - a wand of iceblast (63)
 E - a wand of paralysis (69)
 F - a wand of flame (59)
 G - a wand of polymorph (21)
 L - a wand of digging (17)
 R - a wand of quicksilver (28)
Scrolls
 b - 4 scrolls of enchant armour
 d - 24 scrolls of teleportation
 g - 3 scrolls of immolation
 h - 15 scrolls of blinking
 m - 4 scrolls of summoning
 q - 11 scrolls of magic mapping
 r - 7 scrolls of torment
 x - 18 scrolls of fear
 y - 14 scrolls of fog
 z - 7 scrolls of vulnerability
 W - 10 scrolls of poison
Potions
 f - 7 potions of lignification
 j - 25 potions of curing
 l - 20 potions of heal wounds
 u - 8 potions of resistance
 v - 5 potions of haste
 D - 6 potions of invisibility
 H - 8 potions of might
 J - 14 potions of brilliance
 P - 5 potions of berserk rage
 T - 15 potions of mutation
 Z - 5 potions of cancellation
Miscellaneous
 i - a box of beasts (inert)
 C - a phantom mirror
 S - a condenser vane
 V - a phial of floods
 X - a lightning rod (4/4)


   Skills:
 * Level 21.4 Fighting
 + Level 0.6 Short Blades
 + Level 0.7(6.1) Axes
 + Level 9.7 Maces & Flails
 + Level 8.0 Throwing
 + Level 19.0 Armour
 * Level 18.9 Dodging
 + Level 10.5 Stealth
 + Level 15.8 Shields
 - Level 2.0 Unarmed Combat
 O Level 27 Spellcasting
 + Level 11.1 Evocations


You knew the following spells:

 Your Spells              Type           Power      Damage    Failure   Level
a - Magic Dart            Conj           100%       1d8       0%          1
b - Slow                  Hex            100%       N/A       0%          1
c - Blink                 Tloc           100%       N/A       0%          2
d - Call Imp              Summ           100%       N/A       0%          2
e - Mephitic Cloud        Conj/Pois/Air  100%       N/A       0%          3
f - Beastly Appendage     Tmut           100%       N/A       0%          1
g - Momentum Strike       Conj/Tloc      100%       3d10      0%          2
h - Volatile Blastmotes   Fire/Tloc      100%       2d18      0%          3
i - Animate Dead          Necr           100%       N/A       0%          4
j - Cause Fear            Hex            66%        N/A       0%          4
k - Blade Hands           Tmut           66%        N/A       0%          5
l - Plasma Beam           Fire/Air       66%        2x1d90    0%          6
m - Statue Form           Tmut/Erth      88%        N/A       0%          6
n - Malign Gateway        Summ/Tloc      66%        N/A       1%          7
o - Discord               Hex            66%        N/A       1%          8
p - Ignition              Fire           66%        3d18      1%          8
q - Maxwell's Capacitive  Air            66%        ∞         1%          8
r - Death's Door          Necr           66%        N/A       2%          9
Your spell library was empty.

Dungeon Overview and Level Annotations

Branches:
Dungeon (15/15)            Temple (1/1) D:4            Lair (5/5) D:9
 Shoals (4/4) Lair:3       Spider (4/4) Lair:3        Slime (5/5) Lair:5
    Orc (2/2) D:12            Elf (1/3) Orc:2        Vaults (5/5) D:14
  Crypt (3/3) Vaults:2       Tomb (1/3) Crypt:3      Depths (4/4) D:15
   Hell (visited)             Zot (5/5) Depths:4    Ossuary (visited)
    Dis: Hell:1         Geh: Hell:1         Coc: Hell:1         Tar: Hell:1

Altars:
Ashenzari
Cheibriados
Dithmenos
Elyvilon
Fedhas
Gozag
Hepliaklqana
Makhleb
Nemelex Xobeh
Okawaru
Qazlal
Ru
Trog
Uskayaw
Wu Jian
Xom
Yredelemnul
Zin
The Shining One
Jiyva
Lugonu

Shops:
D:1 [   D:5 [   D:9 ((=**   D:12 *   Orc:2 :(*[   Elf:1 ?   Shoals:4 (
Vaults:1 ?   Vaults:2 (   Vaults:4 =   Vaults:5 !?![!!?:[   Depths:2 *(*?*
Depths:3 *

Portals:
Hell: Depths:1 Depths:2 Depths:3 Depths:4
Abyss: Depths:2 Depths:3
Pandemonium: Depths:2

Annotations:
Elf:1 1 runed translucent door
Hell Geryon, Murray


Innate Abilities, Weirdness & Mutations

You are immune to sickness and miasma.
You are immune to poison.
Your flesh is very heat resistant. (rF++)
You are vulnerable to cold. (rC-)
You float through the air rather than walking.
You learn spells naturally, not from books.
Your magical power is your life essence.
You have superior vitality. (+4 MHP)


Message History

Press: ? - help, Dir - look around, f - activate The bolt of lightning misses Aribani.
The bolt of lightning hits Pienk.
Pienk resists.
Pienk is heavily wounded.
The fiery plasma hits Aribani!
Aribani resists.
Aribani is heavily wounded.
The fiery plasma misses Pienk.
You block Aribani's attack. Pienk trunk-slaps you!!
* * * LOW HITPOINT WARNING * * *
Pienk freezes you.
* * * LOW HITPOINT WARNING * * *
Aribani sneers, "Give up, thou fawning pigeon-egg dewberry!"
Aribani hits you!!
* * * LOW HITPOINT WARNING * * *
Aribani freezes you.
* * * LOW HITPOINT WARNING * * *
Okay, then. [a] - 425 gold - lignification, might and resistance [b] - 312 gold - invisibility and might [c] - 540 gold - haste and resistance Purchase which effect?
You fade into invisibility!
You feel very mighty all of a sudden. Pienk completely misses you.
You block Aribani's attack.
You feel much better. Pienk trunk-slaps you.
* * * LOW HITPOINT WARNING * * *
Aribani closely misses you. Pienk trunk-slaps you!
* * * LOW HITPOINT WARNING * * *
You block Aribani's attack.
You feel much better. You block Pienk's attack. Aribani hits you!!
* * * LOW HITPOINT WARNING * * *
Aribani freezes you.
* * * LOW HITPOINT WARNING * * *
Pienk barely misses you. Aribani hits you but does no damage.
You feel much better.
Pienk is no longer unusually agile.
Aribani hits you!!
* * * LOW HITPOINT WARNING * * *
Aribani freezes you.
* * * LOW HITPOINT WARNING * * *
Pienk trunk-slaps you!!
You die...
Your body crumbles into a pile of gold.

▓▓▓▓▓▓▓▓▓▓▓▓
▓▓...........
▓▓............
▓▓..........$Λ.
▓▓.........$$/.*
▓▓.........$.w$..
▓▓&.......$.......
▓@&........$.$.$.$
▓▓....$.........$.
▓▓...............
▓▓............$$
▓▓.............
▓▓..........$.
▓▓...........
▓▓▓▓▓▓▓▓▓▓▓▓


You could see Aribani and Pienk.

Vanquished Creatures
  2 pandemonium lords (Zig:15)
  the Royal Jelly (Slime:5)
  A dread lich (Vaults:4)
  2 ancient liches
  Sojobo (Crypt:2)
  2 juggernauts
  A royal mummy (Tomb:1)
  Parghit (Depths:3)
  6 Killer Klowns
  A curse toe (Zot:3)
  Xtahua (Depths:3)
  A caustic shrike (Depths:3)
  Nikola (Shoals:4)
  2 bone dragons
  8 golden dragons
  A Brimstone Fiend (Zig:14)
  2 hellephants (Zig:11)
  A walking crystal tome (Depths:3)
  An Ice Fiend (Zig:14)
  6 tentacled monstrosities
  Jorgrun (Spider:2)
  5 liches
  A quicksilver dragon (shapeshifter) (Zig:7)
  26 acid blobs
  7 quicksilver dragons
  7 titans
  6 death cobs
  5 ancient champions
  4 krakens (Shoals:2)
  A sphinx (shapeshifter) (Zig:5)
  The ghost of turdburglar the Brawler, an adept TrFi of Dithmenos (Shoals:3)
  11 tengu reavers
  10 shadow dragons
  Ilsuiw (Shoals:3)
  15 sphinxes
  3 draconian monks
  11 storm dragons
  A demonspawn warmonger (Zig:14)
  11 revenants
  4 rockslimes
  8 fire giants
  12 azure jellies
  5 draconian knights
  10 frost giants
  A nagaraja (Zig:3)
  14 emperor scorpions
  A deep elf sorcerer (Elf:1)
  5 iron dragons
  25 vault wardens
  Aizul (Depths:1)
  3 draconian scorchers
  8 ghost moths
  7 ghouls
  2 caustic shrike zombies (Crypt:1)
  Louise (D:15)
  3 curse skulls
  An orc warlord (Orc:2)
  6 draconian stormcallers
  7 draconian shifters
  A demonspawn blood saint (Zig:14)
  5 spriggan defenders
  20 ironbound preservers
  19 stone giants
  4 broodmothers
  12 quicksilver oozes
  A war gargoyle (Zig:12)
  3 reapers (Crypt:2)
  10 vampire knights
  5 draconian annihilators
  28 very ugly things
  3 ironbound thunderhulks
  5 deep elf demonologists
  Nessos (D:14)
  2 deep elf annihilators
  18 black draconians
  A lorocyproca (Zig:5)
  A demonspawn black sun (Zig:14)
  12 white draconians
  4 yellow draconians
  7 green draconians
  12 dire elephants
  9 red draconians
  2 dire elephants (shapeshifter)
  A blizzard demon (Depths:3)
  5 bennus (Tomb:1)
  8 purple draconians
  18 spark wasps
  15 ettins
  5 merfolk javelineers
  12 merfolk impalers
  19 jiangshi
  8 eidola
  14 yaktaur captains
  10 deep elf death magi
  11 entropy weavers
  5 mummy priests (Tomb:1)
  13 great orbs of eyes
  A spectral spriggan (Crypt:3)
  A spriggan zombie (Crypt:1)
  Josephine (Orc:1)
  6 fire dragons
  6 deep elf high priests
  33 vault guards
  An elf skeleton (Crypt:1)
  Fannar (Lair:3)
  3 hydras
  9 ironbound frosthearts
  2 hell beasts (Depths:3)
  A peacekeeper (Vaults:3)
  9 ice dragons
  6 spriggan air magi
  4 boulder beetles
  7 merfolk avatars
  5 rakshasas
  An Orb Guardian zombie (Crypt:2)
  4 death knights
  2 ogre magi (Vaults:5)
  4 radroaches
  3 dancing weapons
  2 catoblepae
  8 merfolk aquamancers
  4 deep troll shamans
  27 centaur warriors
  A two-headed ogre (D:14)
  3 alligator snapping turtles
  3 hell hogs (Depths:4)
  3 spriggan berserkers
  4 tengu warriors
  8 death yaks
  8 deep troll earth magi
  2 satyrs (Shoals:4)
  3 soul eaters
  9 vampire magi
  8 deep elf knights
  4 orc high priests
  2 shock serpents (Zig:3)
  A hell knight (Vaults:5)
  5 skysharks
  A storm dragon zombie (Crypt:1)
  3 spriggans (Depths:4)
  4 sun moths
  2 titan skeletons (Crypt:1)
  A wretched star (Abyss:1)
  24 shadow wraiths (Crypt:3)
  A sixfirhy (Depths:2)
  Amaemon (Lair:3)
  12 pharaoh ants
  16 sea snakes
  31 skeletal warriors
  A spectral anaconda (Crypt:3)
  5 iron trolls
  An anaconda zombie (Crypt:1)
  15 orb spiders
  3 deep elf archers
  An orb spider (shapeshifter) (Depths:3)
  Pikel (D:6)
  2 obsidian statues (Zig:1)
  4 wizards
  14 flayed ghosts
  9 steelbarb worms
  44 deep trolls
  5 glowing orange brains
  13 lindwurms
  An orange crystal statue (Zig:5)
  4 bog bodies (Crypt:1)
  14 harpies
  15 deep elf pyromancers
  19 ironbound convokers
  6 orc knights
  10 necromancers
  A mana viper (shapeshifter) (Zig:12)
  18 phantasmal warriors
  20 ugly things
  8 deep elf zephyrmancers
  3 cyclopes
  27 wolf spiders
  A shadow dragon skeleton (Crypt:1)
  31 fauns
  6 orc sorcerers
  20 moths of wrath
  6 shining eyes
  A salamander (shapeshifter) (Zig:2)
  8 manticores
  Joseph (D:7)
  An elephant (shapeshifter) (Vaults:5)
  4 eyes of devastation
  A goliath frog skeleton (Crypt:2)
  A guardian serpent (Zig:3)
  2 centaur zombies (Crypt:1)
  22 elephants
  17 merfolk sirens
  58 slime creatures
  An eye of devastation (shapeshifter) (Zig:12)
  3 black mambas
  4 ice statues
  A water nymph (shapeshifter) (Zig:7)
  2 apocalypse crabs
  2 centaur skeletons (Crypt:1)
  A black mamba (shapeshifter) (Depths:2)
  17 vault sentinels
  4 water nymphs
  15 demonic crawlers
  2 orange demons
  2 unseen horrors
  16 cane toads
  6 torpor snails
  2 steelbarb worm zombies
  A gargoyle (D:12)
  6 komodo dragons
  34 yaktaurs
  A rime drake (Lair:3)
  3 tengu conjurers (Depths:2)
  An efreet (D:15)
  An alligator snapping turtle skeleton (Crypt:2)
  An ice devil (Depths:2)
  5 freezing wraiths
  A minotaur skeleton (Crypt:2)
  An ancient zyme (Abyss:1)
  A meliai (Spider:1)
  7 guardian mummies (Tomb:1)
  2 hellwings (Zig:14)
  41 merfolk
  6 trolls
  A tyrant leech (shapeshifter) (Vaults:1)
  27 tarantellas
  3 hornets (Depths:4)
  4 polar bears
  2 wind drakes
  6 snapping turtles
  A raiju (Abyss:1)
  25 blink frogs
  5 dream sheep (Lair:5)
  2 snapping turtles (shapeshifter)
  A fire dragon skeleton (Crypt:1)
  31 flying skulls
  31 jumping spiders
  2 air elementals (Zig:8)
  21 culicivoras
  12 shadows (Crypt:3)
  17 wraiths
  A wind drake zombie (Crypt:3)
  23 yaks
  6 wyverns
  An alligator skeleton (Crypt:1)
  11 water elementals
  3 ushabtiu (Tomb:1)
  15 golden eyes
  2 yaks (shapeshifter)
  6 basilisks
  2 black mamba skeletons
  43 redbacks
  A tyrant leech zombie (Crypt:2)
  4 chaos spawn
  A steam dragon (D:9)
  11 vampire mosquitoes (D:14)
  7 wargs
  A harpy simulacrum (Crypt:1)
  A redback (shapeshifter) (Vaults:5)
  An acid dragon (D:8)
  An entropy weaver zombie (Crypt:2)
  9 water moccasins
  3 floating eyes
  A two-headed ogre skeleton (Crypt:3)
  2 black bears (Lair:5)
  33 orc warriors
  2 sky beasts
  2 small abominations (Abyss:1)
  A cane toad skeleton (Crypt:2)
  An ice beast (shapeshifter) (Vaults:3)
  7 ogres
  A swamp dragon skeleton (Crypt:3)
  8 wolves
  2 boggarts
  A phantom (D:5)
  An elephant skeleton (Crypt:2)
  19 centaurs
  A blink frog skeleton (Crypt:3)
  2 kobold brigands
  7 bullfrogs
  A cyclops zombie (Crypt:3)
  An earth elemental (Elf:1)
  7 scorpions
  A necrophage (Crypt:1)
  A gnoll sergeant (D:7)
  9 wights
  4 killer bees (D:9)
  2 jellies
  4 howler monkeys
  A wolf zombie (Crypt:3)
  2 bullfrog zombies (Crypt:1)
  45 orc priests
  A human zombie (Ossuary)
  6 hounds
  A scorpion zombie (Crypt:3)
  6 iguanas
  A sleepcap (D:6)
  37 orc wizards
  7 hell rats (Lair:4)
  A deep dwarf zombie (Crypt:2)
  2 hound zombies (Ossuary)
  15 mummies
  A howler monkey zombie (Crypt:1)
  10 gnolls
  A howler monkey skeleton (Crypt:2)
  6 adders
  2 ufetubi
  2 adder zombies
  4 dart slugs
  95 orcs
  8 ball pythons
  A bat zombie (Crypt:1)
  7 endoplasms
  3 giant cockroaches (D:3)
  6 goblins
  6 hobgoblins
  12 jackals
  8 quokkas
  2 bats (D:2)
  4 frilled lizards
  A hobgoblin zombie (Ossuary)
  A jackal skeleton (Crypt:3)
  A jackal zombie (Ossuary)
  17 kobolds
  A kobold zombie (Ossuary)
  4 rats
  A tentacle (Shoals:2)
2361 creatures vanquished.

Vanquished Creatures (collateral kills)
  4 dread liches
  2 ancient liches
  2 pandemonium lords
  A Killer Klown (Zig:15)
  Saint Roka (Depths:1)
  A curse toe (Zot:4)
  A golden dragon (Vaults:4)
  The ghost of Marixus the Executioner, an adept HOFi of Beogh (Vaults:2)
  An electric golem (Zot:1)
  An Ice Fiend (Zig:14)
  A Brimstone Fiend (Zig:14)
  A hellephant (Zig:11)
  8 Orb Guardians (Zot:5)
  A walking earthen tome (Depths:1)
  A titan (Vaults:5)
  An Executioner (Abyss:1)
  An eldritch tentacle (Depths:2)
  An ancient champion (Zig:10)
  2 quicksilver dragons
  A deep elf blademaster (Zig:8)
  2 acid blobs
  A storm dragon (Zot:5)
  A tengu reaver (Vaults:4)
  2 fire giants
  A draconian monk (Zot:3)
  3 rockslimes
  A draconian scorcher (Zot:1)
  A demonspawn warmonger (Zig:14)
  A ghoul (Zig:10)
  A balrug (Zig:14)
  3 vault wardens
  A draconian shifter (Zot:2)
  A draconian stormcaller (Zot:5)
  2 very ugly things
  A cacodemon (Zig:14)
  2 draconian annihilators
  A reaper (Zig:14)
  A black draconian (Zot:2)
  The ghost of monsoonserge the Carver, a journeyman TrBe of Trog (Lair:2)
  2 purple draconians
  A white draconian (Zot:3)
  2 red draconians
  A bennu (Tomb:1)
  A spark wasp (Depths:2)
  2 yellow draconians
  An eidolon (Zig:10)
  A crystal guardian (Vaults:3)
  An ettin (Depths:2)
  2 fire dragons
  A yaktaur captain (Zig:12)
  A hydra (Zig:11)
  6 vault guards (Vaults:5)
  2 hell beasts
  A rakshasa (Depths:1)
  An alligator snapping turtle (shapeshifter) (Zig:15)
  A centaur warrior (Vaults:1)
  A boulder beetle (Zig:11)
  A death yak (Lair:2)
  A deep troll earth mage (Depths:2)
  2 dancing weapons (Zig:6)
  A spriggan berserker (Depths:2)
  A soul eater (Zig:14)
  A shadow demon (Zig:14)
  A cherub (Zig:14)
  A deep elf archer (Zig:8)
  2 orange crystal statues
  A faun (shapeshifter) (Vaults:5)
  2 ugly things
  A black mamba (Zig:11)
  A demonic crawler (Zig:13)
  A moth of wrath (shapeshifter) (Zig:15)
  2 apocalypse crabs (Zig:15)
  A torpor snail (Zig:11)
  2 smoke demons (Zig:14)
  A gargoyle (D:11)
  An ice devil (Zig:14)
  A hellwing (Zig:14)
  3 blink frogs
  A hornet (D:10)
  A dream sheep (shapeshifter) (Zig:15)
  A snapping turtle (Lair:3)
  A slime creature (shapeshifter) (Zig:15)
  A slime creature (Zig:9)
  A jumping spider (Zig:13)
  2 yaks
  A fire elemental (Zig:8)
  Eustachio (D:4)
  A neqoxec (Abyss:1)
  A vampire mosquito (D:14)
  2 chaos spawn
  2 water moccasins
  A floating eye (shapeshifter) (Zig:15)
  A black bear (Lair:4)
  A wolf (Lair:1)
  A centaur (D:9)
  A bullfrog (Lair:2)
  A scorpion (D:4)
  A killer bee (D:9)
  A howler monkey (D:12)
  A human zombie (Ossuary)
  Terence (D:2)
  An orc wizard (D:7)
  A hound zombie (Ossuary)
  2 adders (D:4)
  A worm (D:4)
  3 orcs
  An endoplasm (D:1)
  A gnoll zombie (Ossuary)
  A goblin (D:7)
  A kobold (D:9)
  2 rat zombies (Ossuary)
156 creatures vanquished.

Vanquished Creatures (others)
  A dread lich (Zot:5)
  2 Orb Guardians (Zot:5)
  An Executioner (Zig:14)
  50 eldritch tentacles
  A demonspawn warmonger (Zig:14)
  A draconian knight (Zot:5)
  A ghost moth (Zot:5)
  A demonspawn corrupter (Zig:14)
  2 black draconians (Zot:5)
  A purple draconian (Zot:5)
  An entropy weaver (Zig:13)
  A deep troll shaman (Depths:2)
  A wolf spider (Zig:13)
  2 ugly things
  A chaos spawn (Zig:15)
  A wolf (shapeshifter) (Vaults:5)
  2 orcs (Depths:1)
  24 tentacles (Shoals:2)
94 creatures vanquished.

Grand Total: 2611 creatures vanquished

Notes
Turn   | Place    | Note
-------+----------+-------------------------------------------
     0 | D:1      | monsoonserge the Djinni Hedge Wizard began the quest for
                  | the Orb.
     0 | D:1      | monsoonserge set off with the following spells memorised:
                  | Magic Dart, Slow, Blink, Call Imp, Mephitic Cloud.
     0 | D:1      | Reached XP level 1. HP: 15/15 MP: 0/0
    62 | D:1      | Reached XP level 2. HP: 12/21 MP: 0/0
   209 | D:1      | Found Emede's Antique Armour Boutique.
   252 | D:1      | Reached skill level 3 in Spellcasting
   316 | D:1      | Found a faded altar of an unknown god.
   354 | D:1      | You are sucked into a shaft and drop 1 floor!
   412 | D:1      | Reached XP level 3. HP: 15/25 MP: 0/0
   412 | D:1      | Learned a level 1 spell: Beastly Appendage
  1047 | D:1      | Reached XP level 4. HP: 16/31 MP: 0/0
  1414 | D:2      | Noticed Terence
  1756 | D:2      | Killed Terence
  2144 | D:3      | Reached XP level 5. HP: 23/36 MP: 0/0
  2144 | D:3      | Learned a level 2 spell: Momentum Strike
  2533 | D:3      | Reached skill level 4 in Spellcasting
  2772 | D:4      | Reached skill level 1 in Fighting
  2772 | D:4      | Reached XP level 6. HP: 34/42 MP: 0/0
  2922 | D:4      | Found a staircase to the Ecumenical Temple.
  2932 | Temple   | Entered the Ecumenical Temple
  2976 | Temple   | Became a worshipper of Gozag Ym Sagoz the Greedy
  3024 | D:4      | Reached skill level 5 in Spellcasting
  3044 | D:4      | Noticed Eustachio
  3120 | D:4      | Found a sand-covered staircase.
  3134 | Ossuary  | Entered an ossuary
  3163 | Ossuary  | Reached XP level 7. HP: 25/47 MP: 0/0
  3163 | Ossuary  | Learned a level 3 spell: Volatile Blastmotes
  3235 | Ossuary  | Reached skill level 1 in Maces & Flails
  3625 | D:1      | Bought a scorched ring mail for 279 gold pieces
  3625 | D:1      | Identified the +0 ring mail of Qeosek {rPois Str+3 Dex+5}
                  | (You bought it in a shop on level 1 of the Dungeon)
  3830 | D:4      | Killed Eustachio
  4360 | D:5      | Entered Level 5 of the Dungeon
  4427 | D:5      | Reached skill level 1 in Armour
  4454 | D:5      | Found Juima's Armour Boutique.
  4468 | D:5      | Reached XP level 8. HP: 47/54 MP: 0/0
  4516 | D:5      | Reached skill level 6 in Spellcasting
  4593 | D:5      | Bought a +1 hat of stealth for 192 gold pieces
  5521 | D:6      | Identified the +0 ring mail of the Cursing Gods {Harm
                  | Rampage Will- rCorr Int+3}
  5877 | D:6      | Reached XP level 9. HP: 58/59 MP: 0/0
  5877 | D:6      | Learned a level 4 spell: Animate Dead
  6220 | D:6      | Reached skill level 7 in Spellcasting
  6263 | D:6      | Identified the amulet of False Pretenses {Reflect rN++
                  | Will- Str+8 Int+3 SH+5}
  6369 | D:6      | Reached skill level 1 in Evocations
  7005 | D:7      | Noticed Pikel
  7027 | D:6      | Killed Pikel
  7228 | D:7      | Reached skill level 8 in Spellcasting
  7631 | D:7      | Reached XP level 10. HP: 55/65 MP: 0/0
  8018 | D:7      | Found an iron altar of Okawaru.
  8086 | D:7      | Noticed Joseph
  8102 | D:7      | Killed Joseph
  8103 | D:7      | Reached skill level 5 in Armour
  8103 | D:7      | Reached skill level 9 in Spellcasting
  8995 | D:8      | Reached skill level 10 in Spellcasting
 10292 | D:9      | Found a staircase to the Lair.
 10298 | D:9      | Reached XP level 11. HP: 28/70 MP: 0/0
 10298 | D:9      | Learned a level 4 spell: Cause Fear
 10511 | D:8      | Reached skill level 1 in Shields
 11455 | D:10     | Entered Level 10 of the Dungeon
 12205 | D:10     | Identified the +3 leather armour of Liampu {rElec Will+
                  | Int+2}
 12481 | Lair:1   | Entered Level 1 of the Lair of Beasts
 14247 | Lair:1   | Reached skill level 11 in Spellcasting
 14428 | Lair:2   | Reached XP level 12. HP: 69/76 MP: 0/0
 14475 | Lair:2   | Found a runed translucent door.
 14495 | Lair:2   | Noticed monsoonserge's ghost (journeyman TrBe)
 15261 | Lair:3   | Noticed Amaemon
 15674 | Lair:2   | Reached skill level 5 in Dodging
 15759 | Lair:3   | Noticed a death yak
 15760 | Lair:3   | Noticed a death yak
 15760 | Lair:3   | Noticed a death yak
 15760 | Lair:3   | Noticed a death yak
 15809 | Lair:2   | Killed a death yak
 16177 | D:9      | Bought a scroll of fear for 56 gold pieces
 16177 | D:9      | Bought a +1 helmet of see invisible for 231 gold pieces
 16202 | D:9      | Bought a scroll of poison for 56 gold pieces
 16271 | Lair:2   | Killed a death yak
 16272 | Lair:2   | Reached skill level 5 in Fighting
 16272 | Lair:2   | Reached skill level 5 in Shields
 16315 | Lair:2   | Killed a death yak
 16589 | Lair:3   | Noticed Fannar
 16860 | D:10     | Found a broken altar of Ashenzari.
 18556 | D:12     | Found Gizofa's General Store.
 18563 | D:12     | Bought a scroll of summoning for 152 gold pieces
 18563 | D:12     | Bought a potion of mutation for 128 gold pieces
 18563 | D:12     | Bought a potion of heal wounds for 80 gold pieces
 19244 | D:12     | Found a staircase to the Orcish Mines.
 19414 | D:12     | Reached XP level 13. HP: 57/87 MP: 0/0
 19414 | D:12     | Learned a level 5 spell: Blade Hands
 20432 | Lair:3   | Reached skill level 1 in Unarmed Combat
 20988 | Lair:3   | Reached skill level 5 in Maces & Flails
 21102 | Lair:4   | Reached skill level 12 in Spellcasting
 22958 | Lair:3   | Found a staircase to the Shoals.
 23200 | Lair:3   | Killed Amaemon
 23201 | Lair:3   | Reached skill level 5 in Stealth
 24164 | Lair:5   | Entered Level 5 of the Lair of Beasts
 24773 | Lair:5   | Reached XP level 14. HP: 91/96 MP: 0/0
 25724 | Lair:5   | Identified 2 scrolls of acquirement
 25727 | Lair:5   | Acquired the ring "Naene" {rF+ rN+ SInv}
 25731 | Lair:5   | Acquired 389 gold pieces
 25843 | Lair:5   | Found a viscous altar of Jiyva.
 25844 | Lair:5   | Found a staircase to the Slime Pits.
 27204 | Lair:5   | Reached skill level 1 in Throwing
 27494 | Lair:5   | Noticed a dire elephant
 27502 | Lair:5   | Identified the +3 buckler "Muekoo" {Dex+5}
 28212 | Lair:5   | Killed a dire elephant
 29295 | Lair:3   | Found a hole to the Spider Nest.
 29373 | Lair:3   | Killed Fannar
 29912 | Spider:1 | Entered Level 1 of the Spider Nest
 30178 | Shoals:1 | Entered Level 1 of the Shoals
 30350 | Lair:2   | Killed monsoonserge's ghost
 32303 | D:12     | Bought a wand of iceblast (5) for 192 gold pieces
 32948 | D:12     | Reached XP level 15. HP: 84/104 MP: 0/0
 32948 | D:12     | Learned a level 6 spell: Plasma Beam
 33079 | D:12     | Reached skill level 13 in Spellcasting
 34829 | D:14     | Noticed Nessos
 34833 | D:14     | Killed Nessos
 35060 | D:14     | Reached skill level 14 in Spellcasting
 35695 | D:14     | Found a gate to the Vaults.
 35812 | D:15     | Entered Level 15 of the Dungeon
 36551 | D:15     | Noticed a white very ugly thing
 36555 | D:15     | Killed a white very ugly thing
 36876 | D:15     | Found a staircase to the Depths.
 36900 | D:15     | Noticed Louise
 36916 | D:15     | Killed Louise
 37062 | D:15     | Reached XP level 16. HP: 101/112 MP: 0/0
 37483 | Orc:1    | Entered Level 1 of the Orcish Mines
 37483 | Orc:1    | You are sucked into a shaft and drop 1 floor!
 37483 | Orc:2    | Entered Level 2 of the Orcish Mines
 38342 | Orc:1    | Noticed Josephine
 38350 | Orc:1    | Killed Josephine
 38699 | Orc:1    | Reached skill level 15 in Spellcasting
 38725 | Orc:1    | Found a burning altar of Makhleb.
 39850 | Orc:2    | Reached skill level 10 in Fighting
 40381 | Orc:2    | Found a staircase to the Elven Halls.
 40421 | Orc:2    | Found Uzoew's Antique Armour Shop.
 40422 | Orc:2    | Found Manor's Antique Weapon Shop.
 40425 | Orc:2    | Found Inolipp's General Store.
 40425 | Orc:2    | Found Netziy's Book Boutique.
 40470 | Orc:2    | Bought a fine hand axe for 176 gold pieces
 40470 | Orc:2    | Identified the +1 hand axe "Brush" {drain, rPois rCorr
                  | Str+7 Dex+2} (You bought it in a shop on level 2 of the
                  | Orcish Mines)
 40479 | Orc:2    | Bought a polished ring mail for 216 gold pieces
 40479 | Orc:2    | Identified the +1 ring mail of Teoplej {*Slow rElec rPois
                  | rN+++} (You bought it in a shop on level 2 of the Orcish
                  | Mines)
 40489 | Orc:2    | Bought a potion of haste for 140 gold pieces
 40651 | Elf:1    | Entered Level 1 of the Elven Halls
 40651 | Elf:1    | Noticed a deep elf sorcerer
 40651 | Elf:1    | Found a runed translucent gate.
 40651 | Elf:1    | Found a runed translucent gate.
 40651 | Elf:1    | Found a runed translucent gate.
 40651 | Elf:1    | Found a runed translucent gate.
 40651 | Elf:1    | Found a runed translucent gate.
 40651 | Elf:1    | Found a runed translucent gate.
 42863 | Spider:1 | Reached XP level 17. HP: 104/121 MP: 0/0
 42863 | Spider:1 | Learned a level 6 spell: Statue Form
 43346 | Spider:2 | Acquired a manual of Fighting
 43646 | Spider:2 | Identified the amulet "Zompoh" {RegenMP *Corrode Str+5}
 43653 | Spider:2 | Noticed Jorgrun
 43840 | D:9      | Bought a steaming battleaxe for 471 gold pieces
 43840 | D:9      | Identified the +1 battleaxe "Fegriabi" {drain, rF+ rN+
                  | rCorr} (You bought it in a shop on level 9 of the Dungeon)
 44336 | Shoals:1 | Reached skill level 16 in Spellcasting
 46024 | Shoals:2 | Identified the +2 pair of gloves "Bogriwif" {Int+5}
 46078 | Shoals:2 | Noticed a kraken
 46092 | Shoals:2 | Noticed a kraken
 46095 | Shoals:2 | Noticed a kraken
 46097 | Shoals:2 | Killed a kraken
 47186 | Spider:2 | Killed Jorgrun
 47673 | Spider:2 | Reached XP level 18. HP: 119/131 MP: 0/0
 48604 | Spider:2 | Reached skill level 17 in Spellcasting
 48869 | Spider:3 | Reached skill level 10 in Shields
 49049 | Spider:3 | Reached skill level 5 in Evocations
 49790 | Spider:4 | Entered Level 4 of the Spider Nest
 51051 | Spider:4 | Found a hide-covered altar of Uskayaw.
 52524 | Spider:4 | Reached XP level 19. HP: 90/140 MP: 0/0
 52524 | Spider:4 | Learned a level 7 spell: Malign Gateway
 52924 | Spider:4 | Got a gossamer rune of Zot
 52987 | Spider:4 | Identified the +2 pair of gloves of a Gauntlet {Dex+2}
 53304 | Shoals:2 | Identified the +1 cloak of Zocu {rElec Int+6}
 53380 | Shoals:2 | Reached skill level 18 in Spellcasting
 54806 | Shoals:2 | Found a runed translucent door.
 55888 | Shoals:3 | Noticed Ilsuiw
 56095 | Shoals:3 | Found a runed translucent door.
 56100 | Shoals:3 | Noticed turdburglar's ghost (adept TrFi)
 56701 | Shoals:3 | Killed Ilsuiw
 57386 | Shoals:3 | Killed turdburglar's ghost
 57461 | Shoals:4 | Entered Level 4 of the Shoals
 57847 | Shoals:4 | Found Rughir's Weapon Boutique.
 58052 | Shoals:4 | Bought 4 boomerangs of dispersal for 480 gold pieces
 58119 | Shoals:4 | Noticed Nikola
 58124 | Shoals:4 | Killed Nikola
 58143 | Shoals:4 | Reached skill level 19 in Spellcasting
 58560 | Shoals:4 | Reached XP level 20. HP: 109/148 MP: 0/0
 59302 | Shoals:4 | Got a barnacled rune of Zot
 59953 | D:9      | Bought a transparent flail for 306 gold pieces
 59953 | D:9      | Identified the +9 flail of Deike {freeze, rF+ Will+ Dex+2
                  | SInv} (You bought it in a shop on level 9 of the Dungeon)
 59958 | D:9      | Bought a bloodstained spear for 288 gold pieces
 59958 | D:9      | Identified the +7 spear of Malaise {protect, rN+} (You
                  | bought it in a shop on level 9 of the Dungeon)
 59958 | D:9      | Bought a crude trident for 306 gold pieces
 59958 | D:9      | Identified the +2 trident "Quickoat" {drain, rF+ rN+ Str+2
                  | Dex+4} (You bought it in a shop on level 9 of the Dungeon)
 60199 | Elf:1    | Found a runed translucent door.
 60204 | Elf:1    | Reached skill level 15 in Fighting
 60210 | Elf:1    | Identified the +3 plate armour "Depecuj" {Harm rPois rC+
                  | Str-5}
 60494 | Elf:1    | Found a runed translucent door.
 61106 | Elf:1    | Found Uteac's Magic Scroll Shop.
 61113 | Elf:1    | Bought a scroll of fear for 52 gold pieces
 61113 | Elf:1    | Bought a scroll of blinking for 97 gold pieces
 61113 | Elf:1    | Bought a scroll of teleportation for 39 gold pieces
 61113 | Elf:1    | Bought a scroll of poison for 52 gold pieces
 61679 | Vaults:1 | Entered Level 1 of the Vaults
 62449 | Vaults:1 | Noticed a dread lich
 62486 | Vaults:1 | Found a transporter.
 62835 | Vaults:1 | Found Ferennai's Magic Scroll Shoppe.
 62843 | Vaults:1 | Bought a scroll of teleportation for 30 gold pieces
 62843 | Vaults:1 | Bought a scroll of teleportation for 30 gold pieces
 62843 | Vaults:1 | Bought a scroll of teleportation for 30 gold pieces
 63840 | Vaults:2 | Reached skill level 20 in Spellcasting
 63843 | Vaults:2 | Reached XP level 21. HP: 133/156 MP: 0/0
 63843 | Vaults:2 | Learned a level 8 spell: Discord
 65327 | Vaults:2 | Found a staircase to the Crypt.
 65328 | Vaults:2 | Found a basalt altar of Yredelemnul.
 65663 | Vaults:2 | Found a large runed translucent door.
 65664 | Vaults:2 | Found a large runed translucent door.
 65664 | Vaults:2 | Found a large runed translucent door.
 65665 | Vaults:2 | Found a large runed translucent door.
 65665 | Vaults:2 | Noticed Marixus's ghost (adept HOFi)
 65666 | Vaults:2 | Found a large runed translucent door.
 65666 | Vaults:2 | Found a large runed translucent door.
 65666 | Vaults:2 | Found a large runed translucent door.
 65666 | Vaults:2 | Found a large runed translucent door.
 66219 | Vaults:2 | Found Zohuucs's Weapon Shop.
 67645 | Vaults:3 | Found a transporter.
 67655 | Vaults:3 | Found a transporter.
 68364 | Vaults:3 | Reached skill level 21 in Spellcasting
 68749 | Vaults:3 | Reached XP level 22. HP: 152/164 MP: 0/0
 70981 | Vaults:4 | Reached skill level 10 in Armour
 71013 | Vaults:4 | Found Qateull's Jewellery Shoppe.
 71030 | Vaults:4 | Bought the ring "Aracet" {rF+ rC+ EV+5 Dex+3} for 822 gold
                  | pieces
 71455 | Vaults:4 | Noticed a dread lich
 71467 | Vaults:4 | Killed a dread lich
 71756 | Vaults:4 | Found the +7 great mace "Firestarter" {flame, immolate,
                  | rFlCloud rF++}
 71813 | Vaults:4 | Found the +2 hood of the Assassin {Detect Stab+ Stlth++}
 72026 | Crypt:1  | Entered Level 1 of the Crypt
 72936 | Crypt:1  | Reached skill level 22 in Spellcasting
 73366 | Crypt:1  | Reached XP level 23. HP: 135/169 MP: 0/0
 73366 | Crypt:1  | Learned a level 8 spell: Ignition
 73533 | Crypt:1  | Identified the ring of Yendor {rF+ SInv}
 74003 | Crypt:2  | Noticed Sojobo
 74007 | Crypt:2  | Killed Sojobo
 75606 | Crypt:3  | Entered Level 3 of the Crypt
 76854 | Crypt:3  | Found a staircase to the Tomb.
 77254 | Crypt:3  | Found a basalt altar of Yredelemnul.
 77646 | Crypt:3  | Reached skill level 23 in Spellcasting
 77657 | Crypt:3  | Reached XP level 24. HP: 154/177 MP: 0/0
 78041 | Crypt:3  | Identified the +7 rapier "Pelafil" {holy, rF+ rC+ Dex-4
                  | SInv}
 78113 | Crypt:3  | Identified the staff of conjuration "Nahan" {Str+3 Stlth+}
 78377 | Tomb:1   | Entered Level 1 of the Tomb of the Ancients
 78629 | Tomb:1   | Paralysed by a sphinx for 4 turns
 79332 | Tomb:1   | Reached skill level 5 in Throwing
 80796 | Tomb:1   | Noticed a royal mummy
 80799 | Tomb:1   | Killed a royal mummy
 81251 | Depths:1 | Entered Level 1 of the Depths
 81448 | Vaults:2 | Killed Marixus's ghost
 81910 | Depths:1 | Noticed Aizul
 81920 | Depths:1 | Killed Aizul
 82307 | Depths:1 | Noticed Saint Roka
 82310 | Depths:1 | Killed Saint Roka
 82654 | Depths:1 | Found a one-way gateway to a ziggurat.
 82660 | Depths:1 | You are sucked into a shaft and drop 1 floor!
 82719 | Depths:2 | Found a corrupted altar of Lugonu.
 82730 | Depths:2 | Found a one-way gate to the infinite horrors of the Abyss.
 83028 | Depths:2 | Found a gateway to Hell.
 83049 | Hell     | Entered the Vestibule of Hell
 83049 | Hell     | Noticed Geryon
 83106 | Depths:2 | Bought a wand of iceblast (6) for 460 gold pieces
 83106 | Depths:2 | Bought a wand of iceblast (1) for 76 gold pieces
 83330 | Depths:1 | Identified the staff of conjuration "Zeyj" {*Corrode rElec
                  | rPois rN+}
 83710 | Depths:2 | Found a hide-covered altar of Uskayaw.
 83804 | Depths:2 | Noticed a golden dragon
 83827 | Depths:2 | Noticed a juggernaut
 83828 | Depths:2 | Killed a juggernaut
 84092 | Depths:2 | Reached XP level 25. HP: 148/184 MP: 0/0
 84092 | Depths:2 | Learned a level 8 spell: Maxwell's Capacitive Coupling
 84281 | Depths:2 | Paralysed by a floating eye for 2 turns
 85073 | Depths:2 | Found a one-way gate leading to the halls of Pandemonium.
 86374 | Depths:2 | Found Seseseti's General Store.
 86374 | Depths:2 | Found Ydeirara's Antique Weapon Shop.
 86375 | Depths:2 | Found Kidiruat's Assorted Antiques.
 86375 | Depths:2 | Found Foammyni's Magic Scroll Shoppe.
 86389 | Depths:2 | Bought a scroll of blinking for 105 gold pieces
 86389 | Depths:2 | Bought a scroll of fear for 56 gold pieces
 86391 | Depths:2 | Bought a slimy broad axe for 315 gold pieces
 86391 | Depths:2 | Identified the +3 broad axe of the Empty Page {freeze,
                  | Int+2} (You bought it in a shop on level 2 of the Depths)
 86395 | Depths:2 | Bought a potion of heal wounds for 110 gold pieces
 86395 | Depths:2 | Bought a wand of paralysis (5) for 264 gold pieces
 86395 | Depths:2 | Bought a wand of quicksilver (3) for 277 gold pieces
 86408 | Depths:2 | Bought a scroll of acquirement for 728 gold pieces
 86408 | Depths:2 | Acquired the +6 demon whip of Boafy {freeze, rElec rC++
                  | rCorr Stlth-}
 86670 | Depths:2 | Reached skill level 24 in Spellcasting
 86887 | Depths:3 | Reached skill level 10 in Dodging
 87139 | Depths:3 | Found a shadowy altar of Dithmenos.
 87721 | Depths:3 | Noticed Xtahua
 87726 | Depths:3 | Killed Xtahua
 87875 | Depths:3 | Noticed Parghit
 87880 | Depths:3 | Killed Parghit
 88068 | Depths:3 | Found Venautei's General Store.
 88423 | Depths:3 | Noticed a caustic shrike
 88427 | Depths:3 | Killed a caustic shrike
 88733 | Depths:3 | Acquired a manual of Armour
 89112 | Depths:4 | Entered Level 4 of the Depths
 89148 | Depths:4 | Reached XP level 26. HP: 181/193 MP: 0/0
 89152 | Depths:4 | Reached skill level 10 in Evocations
 89823 | Depths:4 | Found a white marble altar of Elyvilon.
 89827 | Depths:4 | Found a glowing silver altar of Zin.
 89828 | Depths:4 | Found a glowing golden altar of the Shining One.
 90889 | Depths:4 | Found a gate to the Realm of Zot.
 91287 | Slime:1  | Entered Level 1 of the Pits of Slime
 92199 | Slime:2  | You are sucked into a shaft and drop 1 floor!
 93891 | Slime:5  | Entered Level 5 of the Pits of Slime
 94047 | Slime:5  | Reached skill level 25 in Spellcasting
 94175 | Slime:5  | Noticed the Royal Jelly
 94749 | Slime:5  | Killed the Royal Jelly
 95078 | Slime:5  | Identified the +8 battleaxe "Qicw" {heavy, Int+7}
 95080 | Slime:5  | Identified the +3 robe "Qusiogg" {-Cast Fly Str+3}
 95087 | Slime:5  | Identified the ring "Iczus" {+Blink EV+5 Slay-2 Stlth+}
 95089 | Slime:5  | Identified the +0 short sword of the Transmuting Priest
                  | {flame, rElec Str+3}
 95101 | Slime:5  | Identified the +7 chain mail of Vet Odew {Drain Str+7
                  | Dex+3}
 95124 | Slime:5  | Found the crystal ball of Wucad Mu {*channel}
 95129 | Slime:5  | Identified the staff of air "Ywky" {rElec Str+5 Int+2 SInv}
 95131 | Slime:5  | Identified the +1 scimitar of the Viper {venom, rN+ Str+2}
 96298 | Slime:5  | Got a slimy rune of Zot
 96313 | Slime:5  | Identified the staff of conjuration "Puodekh" {*Slow rPois
                  | Str+4 SInv}
 96662 | D:9      | Bought a potion of mutation for 136 gold pieces
 96662 | D:9      | Bought a potion of resistance for 170 gold pieces
 96917 | Vaults:1 | Reached XP level 27. HP: 147/201 MP: 0/0
 96917 | Vaults:1 | Learned a level 9 spell: Death's Door
 96917 | Vaults:1 | Identified the +3 cloak of Negligence {Dex+2}
 97542 | Vaults:5 | Entered Level 5 of the Vaults
 97653 | Vaults:5 | Noticed a dread lich
 97692 | Vaults:5 | Paralysed by a dread lich for 5 turns
 97693 | Vaults:5 | Killed a dread lich
 97847 | Vaults:5 | Noticed an ancient lich
 98585 | Vaults:4 | Killed an ancient lich
 99299 | Vaults:5 | Noticed an ancient lich
 99305 | Vaults:5 | Killed an ancient lich
 99306 | Vaults:5 | Reached skill level 15 in Armour
 99484 | Vaults:5 | Reached skill level 26 in Spellcasting
 99603 | Vaults:5 | Found Tanaips's Magic Scroll Shoppe.
 99603 | Vaults:5 | Found Afaegg's Distillery.
 99612 | Vaults:5 | Bought a potion of heal wounds for 100 gold pieces
 99612 | Vaults:5 | Bought a potion of brilliance for 80 gold pieces
 99612 | Vaults:5 | Bought 2 potions of invisibility for 320 gold pieces
 99612 | Vaults:5 | Bought a potion of heal wounds for 100 gold pieces
 99632 | Vaults:5 | Bought a scroll of blinking for 120 gold pieces
 99632 | Vaults:5 | Bought a scroll of acquirement for 832 gold pieces
 99632 | Vaults:5 | Bought a scroll of teleportation for 48 gold pieces
 99632 | Vaults:5 | Bought a scroll of fear for 64 gold pieces
 99632 | Vaults:5 | Acquired a manual of Dodging
 99643 | Vaults:5 | Found Lacet's Magic Scroll Shop.
 99647 | Vaults:5 | Bought a scroll of teleportation for 63 gold pieces
 99647 | Vaults:5 | Bought a scroll of teleportation for 63 gold pieces
 99647 | Vaults:5 | Bought a scroll of blinking for 157 gold pieces
 99647 | Vaults:5 | Bought a scroll of blinking for 157 gold pieces
 99661 | Vaults:5 | Got a silver rune of Zot
100005 | Vaults:5 | Found Fuokab's Distillery.
100010 | Vaults:5 | Bought a potion of brilliance for 72 gold pieces
100010 | Vaults:5 | Bought 2 potions of heal wounds for 180 gold pieces
100012 | Vaults:5 | Found Weamneos's Distillery.
100013 | Vaults:5 | Found Raofir's Antique Armour Shoppe.
100017 | Vaults:5 | Bought a potion of heal wounds for 95 gold pieces
100017 | Vaults:5 | Bought a potion of resistance for 190 gold pieces
100017 | Vaults:5 | Found Mueczaap's Distillery.
100026 | Vaults:5 | Bought a potion of heal wounds for 100 gold pieces
100026 | Vaults:5 | Bought a potion of heal wounds for 100 gold pieces
100349 | Vaults:5 | Found Vetuq's Armour Shop.
100372 | Vaults:5 | Found Gotaen's Book Shoppe.
101088 | Vaults:3 | Identified the +2 hat "Goizoun" {rCorr Slay-2 SInv}
101412 | Zot:1    | Entered Level 1 of the Realm of Zot
101651 | Hell     | Noticed Murray
102180 | Zot:1    | Identified the +0 robe of Zouxeu {Str+2}
105845 | Zot:3    | Identified the ring "Natimm" {rC+ Will+ Str-5 Int-5 Dex+9}
106179 | Zot:3    | Identified the +4 dagger of Suycwo {elec, Str+4 Dex+2}
107054 | Zot:4    | Noticed a Killer Klown
107058 | Zot:4    | a Killer Klown changed into a rockslime
107774 | Zot:4    | Reached skill level 27 in Spellcasting
108596 | Zot:5    | Entered Level 5 of the Realm of Zot
108852 | Zot:5    | Reached skill level 15 in Dodging
108917 | Zot:5    | Noticed a dread lich
109005 | Zot:5    | Noticed an ancient lich
109011 | Zot:5    | Noticed a dread lich
109014 | Zot:5    | Killed an ancient lich
109014 | Zot:5    | Noticed an orb of fire
109020 | Zot:5    | Killed a dread lich
109238 | Depths:3 | Voluntarily entered the Abyss.
109245 | Abyss:1  | Found a corrupted altar of Lugonu.
109360 | Depths:3 | Escaped the Abyss
109553 | Zig:1    | Entered Level 1 of a ziggurat
109696 | Zig:2    | Entered Level 2 of a ziggurat
109777 | Zig:3    | Entered Level 3 of a ziggurat
109807 | Zig:4    | Entered Level 4 of a ziggurat
109970 | Zig:4    | Identified the amulet of Olippigh {Acrobat rN+ Str+5}
109976 | Zig:5    | Entered Level 5 of a ziggurat
109980 | Zig:5    | Noticed a Killer Klown
109985 | Zig:5    | Killed a Killer Klown
109998 | Zig:5    | Noticed a Killer Klown
109999 | Zig:5    | Noticed a Killer Klown
110002 | Zig:5    | a Killer Klown changed into a shard shrike
110002 | Zig:5    | Noticed a shard shrike
110315 | Zig:5    | Identified the staff of cold "Zicaaq" {rC+ rN+}
110326 | Zig:6    | Entered Level 6 of a ziggurat
110374 | Zig:7    | Entered Level 7 of a ziggurat
110377 | Zig:7    | Noticed a Killer Klown
110377 | Zig:7    | Noticed a Killer Klown
110378 | Zig:7    | a Killer Klown changed into a juggernaut
110378 | Zig:7    | Noticed a juggernaut
110384 | Zig:7    | Killed a juggernaut
110384 | Zig:7    | Noticed a Killer Klown
110387 | Zig:7    | Killed a Killer Klown
110391 | Zig:7    | Killed a Killer Klown
110580 | Zig:7    | Identified the +2 falchion "Rophe" {freeze, rCorr}
110587 | Zig:7    | Identified the +2 long sword "Fyuhewnynur" {venom, rF++
                  | Int+2 Dex-3}
110619 | Zig:8    | Entered Level 8 of a ziggurat
110624 | Zig:8    | Paralysed by an air elemental for 1 turns
110779 | Zig:8    | Found the +12 glaive of Prune {freeze, Prune}
110809 | Zig:8    | Identified the +0 acid dragon scales of Duck's Teeth {Harm
                  | rCorr Dex-4 Slay+6}
110812 | Zig:8    | Identified the +0 dagger "Undertaker" {drain, rElec Str+2}
110821 | Zig:9    | Entered Level 9 of a ziggurat
110978 | Zig:10   | Entered Level 10 of a ziggurat
110988 | Zig:10   | Noticed a dread lich
110997 | Zig:10   | Killed a dread lich
111020 | Zig:10   | Identified the +1 battleaxe "Beril" {holy, Will+}
111021 | Zig:10   | Identified the staff of poison "Genupp" {rPois Will+}
111029 | Zig:10   | Identified the +6 halberd "Orb Guardian's Bane" {flame,
                  | Contam rF++ Str+4 Stlth+}
111160 | Zig:11   | Entered Level 11 of a ziggurat
111229 | Zig:11   | Identified the +0 ring mail of Follow the Leader {+Inv
                  | Regen+ Int+3 Slay-6}
111315 | Zig:12   | Entered Level 12 of a ziggurat
111324 | Zig:12   | Noticed an ancient lich
111324 | Zig:12   | Noticed a dread lich
111326 | Zig:12   | Reached skill level 10 in Stealth
111327 | Zig:12   | Killed a dread lich
111329 | Zig:12   | Killed an ancient lich
111330 | Zig:12   | Reached skill level 15 in Shields
111332 | Zig:12   | Found the +3 crown of Dyrovepreva {rElec Int+2 SInv}
111335 | Zig:12   | Found the amulet of the Four Winds {rN+ Will+++ Clar}
111449 | Zig:13   | Entered Level 13 of a ziggurat
111675 | Zig:13   | Found the +5 Lochaber axe {reach-cleave, Poleaxe Drain}
111697 | Zig:13   | Identified the +3 great sword of Slimy Tenacity {antimagic,
                  | Dex+2}
111720 | Zig:13   | Identified the +6 arbalest "Atwiciul" {heavy, Contam rElec
                  | Str+3 Dex+7}
111722 | Zig:13   | Identified the amulet of Fyde {Spirit Int+6}
111730 | Zig:14   | Entered Level 14 of a ziggurat
111744 | Zig:14   | Killed Suf Muol the pandemonium lord
112178 | Zig:14   | Identified the ring of the Empire {Str+2 Slay+4}
112181 | Zig:14   | Identified the +8 scimitar of Lawnuida {holy, rF+ Str+3}
112194 | Zig:14   | Identified the +0 robe of the Wicked God {rC+ Will++ Str+2}
112230 | Zig:15   | Entered Level 15 of a ziggurat
112240 | Zig:15   | Noticed Firarox the pandemonium lord
112241 | Zig:15   | Noticed Aribani the pandemonium lord
112241 | Zig:15   | Noticed a Killer Klown
112242 | Zig:15   | Noticed a Killer Klown
112243 | Zig:15   | Noticed Zuss the pandemonium lord
112244 | Zig:15   | Killed Firarox the pandemonium lord
112247 | Zig:15   | Noticed Pienk the pandemonium lord
112249 | Zig:15   | Killed a Killer Klown
112249 | Zig:15   | Killed Zuss the pandemonium lord
112249 | Zig:15   | Noticed Quiroare the pandemonium lord
112251 | Zig:15   | Killed a Killer Klown
112251 | Zig:15   | Noticed a Killer Klown
112252 | Zig:15   | Noticed a Killer Klown
112260 | Zig:15   | Killed a Killer Klown
112261 | Zig:15   | Killed a Killer Klown
112261 | Zig:15   | Killed Quiroare the pandemonium lord
112288 | Zig:15   | HP: 7/210 [Aribani the pandemonium lord (31)]
112288 | Zig:15   | HP: 3/210 [Aribani the pandemonium lord (4)]
112292 | Zig:15   | Annihilated by Pienk the pandemonium lord

Illustrated notes

Levels and vault maps discovered:
D:1:      nicolae_arrival_memento_mori, layout_basic, serial_shops,
          nicolae_shop_tiny_glass, shapermc_ecumenical_altar_gd
D:2:      layout_rooms, minmay_heptomino_h4, uniq_terence
D:3:      layout_basic, led_sif_book, minivault_24
D:4:      layout_basic, minmay_temple_entry_tees, enter_ossuary_1,
          solitary_fountain, kennysheep_cross_bottleneck, uniq_eustachio
D:5:      layout_loops_ring, serial_shops,
          nicolae_shop_temple_entry_statues_fountains
D:6:      layout_loops_corners
D:7:      layout_rooms, okawaru_altar_gauntlet_db, uniq_joseph, uniq_pikel
D:8:      layout_basic, minmay_curled_crystal
D:9:      layout_long_grid, erik_lair_orcish_takeover
D:10:     layout_irregular_city, cheibrodos_ashenzari_chains
D:11:     layout_gridville
D:12:     layout_roguey, hiddenorc1_lemuel, serial_shops, shop
D:13:     layout_loops_corners
D:14:     layout_gridville, lightli_vaults_fourway_checkpoint,
          hangedman_abyss_or_decor_stagger, chequers_serial_rivers_room_a,
          drop_trap, uniq_nessos
D:15:     gammafunk_enter_depths_forms, layout_small_grid,
          minmay_misc_feat_four_crosses, grunt_decor_arrowhead,
          chequers_big_river, chequers_serial_rivers_marsh, drop_trap,
          uniq_louise
Temple:   hellmonk_temple_of_storms
Lair:1:   layout_regular_city, chequers_serial_rivers_micro_d
Lair:2:   layout_chaotic_city, gammafunk_ghost_grave, nicolae_lair_lil_pond,
          grunt_forest_small_clearings, lemuel_fruit_fields, grunt_megastairs_5,
          infiniplex_staircase_pool_2
Lair:3:   layout_cave_pods, minmay_shoals_entry_hut,
          nicolae_spider_entry_lesser_pyramids, beast_lair_carwin_3,
          serial_bayou_shore_b, uniq_fannar, uniq_amaemon
Lair:4:   layout_regular_city, gauntlet_entry_generic
Lair:5:   grunt_lair_end_beastmaster, layout_loops_ring, slime_entry_1,
          infiniplex_staircase_pool
Shoals:1: nicolae_shoals_aurelia_aurita, layout_shoals
Shoals:2: nicolae_shoals_lighthouse, layout_shoals,
          nicolae_shoals_lost_giant_hut
Shoals:3: layout_shoals, ebering_ghost_reflecting_pool, uniq_ilsuiw
Shoals:4: shoals_end_simple, layout_shoals, serial_shops, shop, uniq_nikola
Spider:1: layout_spider_delve, nicolae_spider_orb_run
Spider:2: layout_spider_delve, nicolae_spider_wall_of_niches, uniq_jorgrun
Spider:3: layout_spider_delve
Spider:4: guppyfry_spider_rune, nicolae_spider_altar_of_dancing
Slime:1:  layout_caves
Slime:2:  layout_caves
Slime:3:  cheibrodos_slime_lost_civilization_1, layout_caves
Slime:4:  layout_caves
Slime:5
Orc:1:    layout_diamond_mine, basic_altar, uniq_josephine
Orc:2:    st_orc_congregation, layout_diamond_mine
Elf:1:    nicolae_elf_arrival_dilemma, layout_onion_city, serial_shops, shop
Vaults:1: nicolae_vaults_angled_halls, nicolae_vaults_house_1,
          nicolae_vaults_more_shelving_1, nicolae_vaults_little_squares_4,
          gammafunk_sealed_library, grunt_vaults_bifocal,
          nicolae_vaults_tetromino_Z_1, vaults_dpeg_hooks, v_misc_12,
          vaults_room_door_ring, ontoclasm_vaults_spin, vaults_mumra_lcd,
          vaults_room_semicircle, layout_vaults_omnicross, serial_shops,
          shop_fountains
Vaults:2: advil_vaults_ghost_lines, v_misc_12, nicolae_vaults_off_center_swirl,
          grunt_vaults_focal, nicolae_vaults_yaktaur_gun_rack,
          minmay_crypt_entry_necro_gods, nicolae_vaults_puzzle_piece,
          vaults_standard_mumra_lines, v_misc_28, ontoclasm_vaults_misaligned,
          hangedman_vaults_snaps, nicolae_vaults_angled_halls,
          ontoclasm_vaults_idyll, nicolae_vaults_double_plus_1,
          nicolae_vaults_offset_grid_hallway_1, nicolae_vaults_prndl,
          layout_vaults_maze_snakey, serial_shops, shop
Vaults:3: nicolae_vaults_cornered_office, nicolae_vaults_trapezoid_2,
          nicolae_vaults_circle_grid_a, nicolae_vaults_frosty_reception,
          nicolae_vaults_storage_room_water, gammafunk_sealed_arena,
          ontoclasm_vaults_tryst, nicolae_vaults_diamond_2,
          grunt_vaults_hallway_short, nicolae_vaults_apartment_2,
          layout_vaults_big_room
Vaults:4: hangedman_vaults_trim, nicolae_vaults_rhombus_7,
          nicolae_vaults_little_squares_5, v_misc_2, vaults_mumra_hexcomb,
          nicolae_vaults_trapezoid_3, nicolae_vaults_mush_room,
          nicolae_vaults_two_Ls, ontoclasm_vaults_chip, vaults_room_large_hall,
          nicolae_vaults_turnstiles, vaults_room_pool, v_misc_26,
          nicolae_vaults_tetromino_Z_2, nicolae_vaults_tetromino_T_1,
          layout_vaults_ring, serial_shops, nicolae_shop_behind_doors
Vaults:5: serial_shops
Crypt:1:  layout_gridlike, grunt_crypt_arrival_webbed
Crypt:2:  layout_basic, uniq_sojobo
Crypt:3:  church_of_pain_bobbens, layout_chaotic_city,
          tomb_entry_forgotten_bobbens
Tomb:1
Depths:1: layout_cave_pools, enter_ziggurat_c, hell_entry, kennysheep_nub,
          kennysheep_small_square, uniq_aizul, uniq_saint_roka
Depths:2: hangedman_box_tower, layout_cave_pools, nicolae_uskayaw_en_pointe,
          abyss_entry_flame_altar, rand_demon_pan_entry_8,
          grunt_hell_entry_dis_mu, evilmike_minifort
Depths:3: minmay_diamond_stairs, layout_basic, hangedman_abyss_entry_splay,
          grunt_mini_vestibule, nicolae_dithmenos_through_a_glass_darkly,
          serial_shops, nicolae_shop_trees, serial_bayou_shore_a, uniq_xtahua,
          uniq_parghit
Depths:4: grunt_zot_entry_alcove, layout_cave_shapes, hell_entry,
          good_gods_temple_1, nicolae_triple_integral
Hell
Zot:1:    layout_gridlike
Zot:2:    layout_gridville, uniq_josephina
Zot:3:    layout_gridlike
Zot:4:    kennysheep_blocky_hall, layout_gridlike
Zot:5:    layout_gridlike
Zig:15

Skill      XL: |  1  2  3  4  5  6  7  8  9 10 11 12 13 14 15 16 17 18 19 20 21 22 23 24 25 26 27 |
---------------+----------------------------------------------------------------------------------+-----
Spellcasting   | 3 4 5 6 8 10 11 12 14 15 16 17 19 20 21 22 23 24 25 27 | 27.0
Stealth        | 2 3 4 5 6 7 8 9 10 | 10.5
Fighting       | 1 2 3 5 7 8 9 10 12 14 15 16 17 18 21 | 21.4
Dodging        | 3 4 5 6 7 8 9 10 18 | 18.9
Maces & Flails | 1 2 3 4 6 7 8 9 |  9.7
Armour         | 1 3 4 5 6 7 8 9 10 11 13 19 | 19.0
Evocations     | 2 4 5 6 7 8 9 10 11 | 11.1
Shields        | 3 6 7 8 9 10 11 12 13 15 | 15.8
Unarmed Combat | 2 |  2.0
Throwing       | 1 2 3 4 6 7 8 |  8.0
Short Blades   | |  0.6
Axes           | |  0.7

Action                     |  1- 3 |  4- 6 |  7- 9 | 10-12 | 13-15 | 16-18 | 19-21 | 22-24 | 25-27 || total
---------------------------+-------+-------+-------+-------+-------+-------+-------+-------+-------++-------
  Melee: Dagger            |     4 |       |       |       |       |       |       |       |       ||     4
         Short sword       |    17 |    34 |       |       |       |       |       |       |       ||    51
         Headbutt          |       |     5 |     7 |     8 |       |       |       |       |       ||    20
         Whip              |       |    41 |    97 |       |       |       |       |       |       ||   138
         Hand axe          |       |       |    15 |     9 |       |       |       |       |       ||    24
         Flail             |       |       |       |   292 |   669 |       |    47 |    61 |     5 ||  1074
         Unarmed           |       |       |       |       |    10 |       |       |       |       ||    10
         Morningstar       |       |       |       |       |       |   185 |     1 |       |       ||   186
         Demon whip        |       |       |       |       |       |       |       |       |    55 ||    55
  Throw: Dart              |       |       |       |       |    15 |    10 |       |       |       ||    25
         Boomerang         |       |       |       |       |    12 |    58 |       |       |    17 ||    87
   Cast: Magic Dart        |    85 |    51 |    62 |    39 |     2 |     5 |       |     1 |       ||   245
         Call Imp          |     1 |     8 |    14 |    58 |    37 |    10 |     9 |     4 |     7 ||   148
         Mephitic Cloud    |       |    12 |     8 |    50 |    74 |    14 |     6 |       |     3 ||   167
         Blink             |       |     5 |     6 |    13 |    24 |    10 |     4 |     1 |    34 ||    97
         Beastly Appendage |       |     2 |     1 |     5 |       |       |       |       |       ||     8
         Volatile Blastmot |       |       |    76 |   184 |   297 |    38 |       |       |       ||   595
         Slow              |       |       |     1 |     2 |     1 |       |       |       |       ||     4
         Momentum Strike   |       |       |       |     4 |       |     1 |       |       |       ||     5
         Cause Fear        |       |       |       |     6 |    10 |       |       |     2 |     6 ||    24
         Blade Hands       |       |       |       |       |     3 |       |       |       |       ||     3
         Plasma Beam       |       |       |       |       |    87 |   459 |   470 |   472 |   716 ||  2204
         Statue Form       |       |       |       |       |       |     1 |       |       |       ||     1
         Malign Gateway    |       |       |       |       |       |       |     4 |    10 |    40 ||    54
         Ignition          |       |       |       |       |       |       |       |    37 |   133 ||   170
         Discord           |       |       |       |       |       |       |       |     1 |    11 ||    12
         Maxwell's Capacit |       |       |       |       |       |       |       |       |    33 ||    33
         Death's Door      |       |       |       |       |       |       |       |       |     1 ||     1
 Invoke: Potion Petition   |       |       |       |     1 |       |       |       |       |     1 ||     2
         Call Merchant     |       |       |       |     1 |     2 |     1 |     1 |     1 |       ||     6
         Bribe Branch      |       |       |       |       |       |       |       |       |     1 ||     1
  Evoke: Wand              |       |       |       |       |     1 |       |       |       |     1 ||     2
         Box of beasts     |       |       |       |       |       |       |       |       |     1 ||     1
    Use: Scroll            |       |       |       |    13 |    10 |    10 |     1 |     2 |     8 ||    44
         Potion            |       |       |       |       |       |     2 |     2 |       |    16 ||    20
   Stab: Sleeping          |     1 |     6 |     1 |     2 |     1 |     3 |       |       |     1 ||    15
         Confused          |       |     6 |     2 |    22 |    57 |     8 |       |       |     1 ||    96
         Distracted        |       |       |     1 |     1 |     7 |     6 |       |     2 |     2 ||    19
 Armour: Robe              |    13 |    25 |     2 |       |       |       |       |       |       ||    40
         Ring mail         |       |       |    25 |    21 |       |       |       |       |       ||    46
         Leather armour    |       |       |       |    63 |   147 |    42 |       |       |       ||   252
         Skin              |       |       |       |       |       |    53 |       |       |       ||    53
         Chain mail        |       |       |       |       |       |       |    60 |     9 |    58 ||   127
         Scale mail        |       |       |       |       |       |       |       |    22 |    41 ||    63
  Dodge: Dodged            |    49 |    61 |    70 |   160 |   292 |   192 |    40 |    61 |   235 ||  1160
  Block: Other             |       |       |     3 |     4 |     1 |       |       |       |       ||     8
         Reflection        |       |       |     2 |    20 |    21 |    25 |    35 |     5 |    14 ||   122
         Buckler           |       |       |       |   148 |   386 |   242 |    38 |    84 |   102 ||  1000
         Tower shield      |       |       |       |       |       |    12 |   107 |       |   166 ||   285
